 Dungeon Crawl Stone Soup version 0.28-a0-1447-ga5a8893891 (webtiles) character file.

Game seed: 12799571376174726151

641 ytrimaz the Insei (level 7, -4/45 HPs)
             Began as an Octopode Transmuter on Jan 10, 2022.
             Slain by a two-headed ogre (23 damage)
             ... on level 5 of the Dungeon.
             The game lasted 00:05:27 (6171 turns).

ytrimaz the Insei (Octopode Transmuter)             Turns: 6171, Time: 00:05:28

Health: -4/45      AC:  2    Str:  9    XL:     7   Next: 51%
Magic:  10/13      EV: 19    Int: 17    God:
Gold:   214        SH:  0    Dex: 18    Spells: 8/14 levels left

rFire   . . .      SeeInvis .     - Unarmed
rCold   . . .      Faith    .   (shield currently unavailable)
rNeg    . . .      Spirit   .   (helmet currently unavailable)
rPois   x          Reflect  .   (no amulet)
rElec   .          Harm     .   (no ring)
rCorr   .          Rampage  .   (no ring)
Will    .....                   (no ring)
Stlth   ++........              (no ring)
HPRegen 0.15/turn               (no ring)
MPRegen 0.13/turn               (no ring)
                                (no ring)
                                (no ring)

@: spider-form, studying Long Blades
A: venomous fangs, almost no armour, (amphibious), 8 rings, tiny, (camouflage
1), (gelatinous body 1), (nimble swimmer 1), (tentacles)
a: End Transformation


You were on level 5 of the Dungeon.
You were a venomous arachnid creature.
You visited 1 branch of the dungeon, and saw 5 of its levels.

You collected 214 gold pieces.

Inventory:

Missiles
 i - 2 throwing nets
Armour
 d - an orb of energy
Jewellery
 o - a ring of ice
Wands
 k - a wand of mindburst (15)
Scrolls
 b - a scroll of amnesia
 h - a scroll of silence
 l - a scroll of fear {unknown}
 m - a scroll of summoning {unknown}
 n - a scroll of fog {unknown}
Potions
 a - 2 potions of curing
 c - a potion of might
 e - a potion of mutation
 f - a potion of attraction
 g - a potion of berserk rage {unknown}
 j - a potion of lignification {unknown}


   Skills:
 * Level 2.9 Fighting
 - Level 2.0 Dodging
 + Level 5.1 Unarmed Combat
 * Level 4.2 Spellcasting
 * Level 4.6 Transmutations
 + Level 0.9 Poison Magic


You had 8 spell levels left.
You knew the following spells:

 Your Spells              Type           Power      Damage    Failure   Level
a - Beastly Appendage     Tmut           38%        N/A       9%          1
b - Wereblood             Tmut           19%        N/A       12%         2
c - Spider Form           Tmut/Pois      13%        N/A       34%         3

Your spell library contained the following spells:

 Spells                   Type           Power      Damage    Failure   Level
 Dazzling Flash           Conj/Hex       6%         N/A       65%         3
 Ice Form                 Ice/Tmut       11%        N/A       73%         4
 Iskenderun's Mystic Bla  Conj/Tloc      3%         2d3       94%         4
 Starburst                Conj/Fire      1%         6d3       100%        6


Dungeon Overview and Level Annotations

Branches:
Dungeon (5/15)
 Temple: D:4-7

Altars:
Hepliaklqana
Nemelex Xobeh

Shops:
D:4 (


Innate Abilities, Weirdness & Mutations

You are a venomous arachnid creature.
You have poisonous fangs.
You are tiny and dextrous.
Your spellcasting is less reliable in this form.
Your armour is entirely melded.
You are incapable of wielding weapons or throwing items.
You cannot wear most types of armour.
((You are amphibious.))
You can wear up to eight rings at the same time.
((Your skin changes colour to match your surroundings (Stealth+).))
((Your rubbery body absorbs attacks. (AC +1, EV +1)))
((You are camouflaged when in or above water. (Stealth+)))
((You have tentacles for arms and can constrict up to eight enemies at once.))


Message History

Found a manual of Armour.
Your transformation is almost over.
o - a ring of ice
Press: ? - help, v - describe, . - travel, g - get item Item here: a manual of Armour.
The floor.
There are no items here.
The two-headed ogre shouts in stereo!
Casting: Spider Form (quite dangerous; 34% risk of failure)
Confirm with . or Enter, or press ? or * to list all spells.
The spell is quite dangerous to miscast (34% risk of failure)!
Continue anyway?
Okay, then.
Your transformation has ended.
Casting: Spider Form (dangerous; 16% risk of failure)
Confirm with . or Enter, or press ? or * to list all spells.
You turn into a venomous arachnid creature.
Unknown command.
You hit the two-headed ogre.
The two-headed ogre is poisoned.
The two-headed ogre is lightly wounded.
The two-headed ogre hits you with a +0 giant spiked club!
The two-headed ogre barely misses you.
You bite the two-headed ogre!
The two-headed ogre looks as sick as possible!
The two-headed ogre is lightly wounded.
The two-headed ogre hits you with a +0 giant spiked club!!
The two-headed ogre closely misses you.
You hit the two-headed ogre.
The two-headed ogre is moderately wounded.
Unknown command.
Your transformation is almost over.
The two-headed ogre misses you. The two-headed ogre barely misses you.
Your transformation has ended.
The two-headed ogre looks more healthy.
Casting: Spider Form (dangerous; 16% risk of failure)
Confirm with . or Enter, or press ? or * to list all spells.
You turn into a venomous arachnid creature.
The two-headed ogre barely misses you.
The two-headed ogre hits you with a +0 giant club!!
Ouch! That really hurt!
You die...

#. .# ## .###. .#..
# ######.#.
####.#.####...##.#.
#.<..# ...#......<.
#.#######.#...##.##
#.s..#..†.†......##
###O.#.##..........
#..#.##.......###
#....##.......# #
#.##.##.......# #
#.##.##.......# #
#.............# #
####.########## #
#.###### #


You could see a two-headed ogre.

Vanquished Creatures
  A sky beast (D:5)
  A killer bee (D:4)
  4 hounds (D:4)
  An orc priest (D:4)
  A centaur skeleton (D:4)
  4 orc wizards
  7 gnolls
  8 adders
  An adder skeleton (D:4)
  A worm (D:3)
  2 dart slugs
  9 orcs
  5 endoplasms
  2 giant cockroaches
  6 goblins
  3 hobgoblins
  2 jackals (D:4)
  10 quokkas
  8 ball pythons
  2 bats
  5 frilled lizards
  9 kobolds
  5 rats
97 creatures vanquished.

Notes
Turn   | Place    | Note
-------+----------+-------------------------------------------
     0 | D:1      | ytrimaz the Octopode Transmuter began the quest for the
                  | Orb.
     0 | D:1      | Reached XP level 1. HP: 13/13 MP: 3/3
   513 | D:1      | Reached XP level 2. HP: 13/18 MP: 3/5
   517 | D:1      | Found a faded altar of an unknown god.
   859 | D:1      | Reached XP level 3. HP: 3/23 MP: 6/6
   862 | D:1      | Learned a level 2 spell: Wereblood
   866 | D:1      | Learned a level 3 spell: Spider Form
  1813 | D:2      | Found a sparkling altar of Nemelex Xobeh.
  2023 | D:2      | Reached XP level 4. HP: 28/28 MP: 6/8
  3079 | D:3      | Reached skill level 4 in Unarmed Combat
  3498 | D:3      | Reached XP level 5. HP: 33/33 MP: 7/9
  4257 | D:3      | Found a hazy altar of Hepliaklqana.
  4479 | D:4      | Reached XP level 6. HP: 39/39 MP: 5/10
  4966 | D:4      | Found Kooclig's Weapon Shoppe.
  5110 | D:4      | Reached XP level 7. HP: 20/45 MP: 7/12
  5676 | D:5      | Entered Level 5 of the Dungeon
  5679 | D:5      | Noticed a two-headed ogre
  5994 | D:5      | Reached skill level 5 in Unarmed Combat
  6171 | D:5      | Slain by a two-headed ogre

Illustrated notes

Levels and vault maps discovered:
D:1:      minmay_arrival_cross, layout_basic,
          hellmonk_ecumenical_altar_heavens_door
D:2:      layout_basic, basic_altar
D:3:      layout_loops_ring, worldfamousw_hep_ancestral_shrine, serial_glass,
          glass_columns_a, glass_columns_b, glass_columns_a, glass_columns_b,
          due_unseen_surprise, feat_on_display
D:4:      layout_basic, serial_shops, nicolae_shop_crystal
D:5:      layout_loops_cross, minmay_temple_entry_nine_rooms,
          nrook_pool_corridor, minmay_manual_mess, uniq_crazy_yiuf_cottage

Skill      XL: |  1  2  3  4  5  6  7 |
---------------+----------------------+-----
Transmutations | 3 4 |  4.6
Unarmed Combat | 4 5 |  5.1
Spellcasting   | 3 4 |  4.2
Fighting       | 2 |  2.9
Dodging        | |  2.0
Poison Magic   | |  0.9

Action                   |  1- 3 |  4- 6 |  7- 9 || total
-------------------------+-------+-------+-------++-------
Melee: Unarmed           |    72 |   128 |    34 ||   234
       Kick              |    17 |    19 |     5 ||    41
       Constrict         |    16 |    16 |     3 ||    35
       Tentacles         |    10 |    16 |     3 ||    29
       Punch             |     4 |     4 |       ||     8
 Cast: Beastly Appendage |    18 |    18 |     2 ||    38
       Spider Form       |       |     6 |     6 ||    12
       Wereblood         |       |     4 |     1 ||     5
  Use: Scroll            |     3 |     4 |     1 ||     8
       Potion            |       |     2 |       ||     2
 Stab: Sleeping          |     5 |     6 |       ||    11
Armor: Skin              |     3 |     9 |     3 ||    15
Dodge: Dodged            |    60 |    84 |    38 ||   182

Table legend: (Time is in decaauts)
 A = Elapsed time spent in this place.
 B = Non-inter-level travel time spent in this place.
 C = Inter-level travel time spent in this place.
 D = Time resting spent in this place.
 E = Time spent auto-exploring this place.
 F = Levels seen in this place.
 G = Mean time per level.
                   A        B        C        D        E       F      G
               +--------+--------+--------+--------+--------+-----+--------+
         Total |   6155 |   6006 |    149 |    607 |   4488 |   5 | 1231.0 |
       Dungeon |   6155 |   6006 |    149 |    607 |   4488 |   5 | 1231.0 |
               +--------+--------+--------+--------+--------+-----+--------+

Top non-repeatable levels by time:
     D:1: 1546 daAuts
     D:3: 1475 daAuts
     D:4: 1475 daAuts
     D:2: 1430 daAuts
     D:5: 229 daAuts
